Map: 冰雪合金-天梯版

Players

TIME (Oliveira) - Winner!

  • Race: Terran Terran
  • League: Master

iGMacSed (MacSed)

  • Race: Protoss Protoss
  • League: Master

Event: DreamHack SC2 Masters 2020 Fall

VOD

Have the link to the VOD?

Description

Time

  • Played on: Sept. 2, 2020, 7:46 a.m.
  • Length: 14:05

All games in this series

Show
View Real Time Build Order
Export as new Build Order

TIME Terran - Winner!

Build Orders: Reaper Expand 

Get SALT Encoding   

  12  0:00  SCV  
  13  0:12  SCV  
  14  0:17  Supply Depot  
  14  0:24  SCV  
  15  0:38  SCV  
  15  0:40  Barracks  
  16  0:44  Refinery  
  16  0:50  SCV  
  17  1:04  SCV  
  18  1:17  SCV  
  19  1:28  Reaper  
  19  1:29  Orbital Command  
  20  1:47  Command Center  
  20  1:53  Barracks  
  20  1:55  SCV  
  21  2:02  Barracks Reactor  
  21  2:08  SCV  
  22  2:11  Supply Depot  
  22  2:16  Refinery  
  22  2:20  SCV  
  23  2:27  Factory  
  23  2:34  SCV  
  24  2:39  Marine x2  
  24  2:41  Barracks Tech Lab  
  26  2:46  SCV  
  27  2:58  SCV  
  27  2:59  Orbital Command  
  27  3:00  Stimpack  
  27  3:01  Marine  
  27  3:02  Marine  
  30  3:06  Marine  
  30  3:10  SCV  
  32  3:17  Starport  
  32  3:21  Marine  
  32  3:23  SCV, Factory Reactor  
  32  3:26  SCV  
  35  3:28  Marine  
  35  3:31  Marine  
  37  3:35  SCV  
  37  3:36  Supply Depot  
  37  3:38  SCV  
  37  3:41  Marine  
  39  3:47  SCV  
  41  3:48  Marine  
  41  3:50  SCV  
  44  3:58  Supply Depot  
  44  3:59  SCV  
  44  4:02  Medivac x2, Marine  
  49  4:03  SCV  
  49  4:06  Marine  
  49  4:08  Factory Tech Lab  
  51  4:12  SCV  
  51  4:13  Engineering Bay  
  51  4:14  Marine  
  51  4:15  SCV  
  54  4:19  Bunker  
  54  4:23  Marine  
  55  4:24  Refinery  
  55  4:25  SCV  
  56  4:32  Marine  
  56  4:33  Siege Tank  
  56  4:35  SCV  
  60  4:41  SCV  
  61  4:46  Supply Depot, Barracks  
  61  4:48  Starport Reactor  
  61  4:50  SCV  
  62  4:57  Missile Turret  
  62  5:02  Marine  
  60  5:07  Marine  
  60  5:10  SCV  
  59  5:17  Marine  
  59  5:19  Marine  
  59  5:20  Siege Tank  
  59  5:23  SCV  
  59  5:26  SCV  
  61  5:35  Marine  
  59  5:36  SCV  
  59  5:37  Marine  
  59  5:40  SCV  
  58  5:46  Viking, Missile Turret  
  58  5:48  SCV  
  61  5:51  Refinery  
  61  5:54  Barracks  
  61  5:58  Marine  
  59  6:05  SCV  
  59  6:10  SCV  
  61  6:16  Marine  
  62  6:22  Supply Depot  
  62  6:23  Supply Depot  
  62  6:27  Missile Turret  
  62  6:32  Terran Infantry Weapons Level 1  
  62  6:39  Refinery  
  62  6:41  Supply Depot  
  62  6:44  Barracks Reactor, SCV x2, Marine x2  
  66  6:54  Starport Reactor  
  66  6:56  SCV  
  66  6:57  SCV, Barracks Tech Lab  
  66  6:59  Siege Tank  
  71  7:01  Marine x2  
  71  7:05  Supply Depot  
  73  7:19  Marine x2  
  69  7:31  Marine, Siege Tank  
  69  7:34  Marine  
  69  7:36  SCV, Marine  
  74  7:40  Medivac x2  
  74  7:41  Marine  
  74  7:43  Marine  
  80  7:46  Supply Depot  
  80  7:47  Combat Shield  
  80  7:51  Command Center  
  80  7:52  Marine  
  80  7:55  Marine  
  78  8:01  SCV, Marine  
  78  8:02  Marine  
  78  8:06  Siege Tank  
  78  8:08  Marine  
  78  8:10  Liberator  
  85  8:13  Liberator  
  85  8:16  Marine x2  
  91  8:20  SCV  
  91  8:23  SCV  
  91  8:26  Marine, Terran Infantry Armor Level 1  
  93  8:28  Marine  
  93  8:33  Marine  
  95  8:34  Supply Depot, Marine  
  95  8:37  Marine  
  95  8:39  SCV x2  
  99  8:43  Siege Tank  
  102  8:55  Supply Depot  
  102  8:56  Marine x3  
  102  8:57  Liberator  
  108  9:02  Liberator  
  108  9:04  Orbital Command  
  108  9:05  SCV x2  
  108  9:08  Supply Depot, Marine x2  
  114  9:13  Marine  
  115  9:18  Marine x2  
  115  9:21  Siege Tank  
  120  9:27  Missile Turret  
  120  9:28  Orbital Command  
  120  9:29  Marine x2  
  122  9:31  Marine  
  122  9:35  Marine  
  122  9:36  Marine  
  125  9:40  Barracks  
  125  9:42  Barracks  
  125  9:44  Medivac  
  125  9:47  Marine x2  
  125  9:48  Medivac  
  125  9:49  SCV, Marine  
  128  10:02  Marine  
  128  10:04  Marine  
  128  10:05  Marine, Siege Tank  
  128  10:07  SCV  
  126  10:10  Marine  
  127  10:14  Marine  
  127  10:19  Marine  
  129  10:22  Marine  
  124  10:30  Marine  
  124  10:31  Marine  
  124  10:33  Marine  
  103  10:38  Marine  
  103  10:40  Barracks Tech Lab  
  103  10:41  Barracks Tech Lab  
  92  10:42  Marine  
  92  10:44  Siege Tank  
  92  10:45  Viking  
  92  10:48  Armory  
  98  10:50  SCV, Engineering Bay  
  98  10:51  SCV x2  
  98  10:53  Marine  
  98  10:54  Supply Depot, Marine x2  
  98  10:56  Viking  
  106  11:02  SCV  
  106  11:03  Concussive Shells, Marauder x3  
  113  11:04  Marine  
  113  11:06  SCV x2  
  116  11:14  Supply Depot  
  116  11:16  Viking  
  116  11:18  Siege Tank  
  123  11:26  Marauder x3, Marine x2  
  123  11:30  Viking  
  131  11:33  Marine x2  
  131  11:37  Supply Depot  
  133  11:42  Terran Infantry Weapons Level 2  
  133  11:43  Refinery  
  133  11:44  Refinery, Marine  
  133  11:46  Terran Infantry Armor Level 2  
  134  11:48  Marine  
  134  11:49  Marauder  
  134  11:52  Marauder  
  139  11:55  Marauder, Marine x2  
  142  12:02  SCV x2  
  142  12:03  Marine  
  142  12:05  Supply Depot, Siege Tank  
  148  12:12  Marauder  
  148  12:14  Marauder  
  149  12:21  Marine x3  
  149  12:22  Marauder  
  137  12:25  Marine  
  134  12:34  Marauder, Marine  
Show
View Real Time Build Order
Export as new Build Order

iGMacSed Protoss 

Build Orders: 1 Gate Expand, Zealot Archon, Dark Templar Rush 

Get SALT Encoding   

  12  0:00  Probe  
  13  0:12  Probe  
  14  0:17  Pylon  
  14  0:24  Probe (Chrono Boost)  
  15  0:36  Probe (Chrono Boost)  
  15  0:38  Gateway  
  16  0:44  Probe (Chrono Boost)  
  16  0:47  Assimilator  
  17  0:51  Probe  
  18  1:03  Probe  
  19  1:15  Probe  
  20  1:25  Cybernetics Core  
  20  1:33  Nexus  
  20  1:37  Probe  
  21  1:47  Pylon  
  21  1:49  Probe  
  21  1:52  Assimilator  
  22  2:01  Probe  
  23  2:03  Stalker (Chrono Boost)  
  23  2:05  Warp Gate  
  25  2:13  Probe (Chrono Boost)  
  26  2:25  Probe (Chrono Boost)  
  26  2:26  Adept  
  29  2:32  Probe (Chrono Boost)  
  29  2:35  Twilight Council  
  30  2:41  Probe (Chrono Boost)  
  31  2:46  Probe (Chrono Boost)  
  32  2:54  Robotics Facility  
  32  2:56  Probe x2 (Chrono Boost)  
  34  3:01  Probe (Chrono Boost)  
  34  3:03  Probe  
  37  3:12  Probe  
  37  3:16  Probe  
  37  3:19  Dark Shrine  
  38  3:23  Gateway  
  38  3:25  Probe  
  39  3:28  Probe  
  39  3:29  Gateway  
  40  3:37  Probe  
  40  3:39  Pylon  
  40  3:40  Probe  
  40  3:41  Warp Prism (Chrono Boost)  
  44  3:49  Probe (Chrono Boost)  
  44  3:51  Pylon  
  46  3:56  Probe (Chrono Boost)  
  46  3:58  Assimilator  
  46  4:00  Assimilator  
  46  4:01  Probe (Chrono Boost)  
  46  4:02  Stalker  
  49  4:09  Probe x2 (Chrono Boost)  
  51  4:12  Pylon  
  51  4:16  Probe  
  52  4:17  Probe  
  53  4:28  Probe  
  54  4:37  Dark Templar x3  
  60  4:39  Probe  
  60  4:40  Pylon  
  61  4:46  Pylon  
  62  4:58  Pylon  
  62  5:03  Nexus  
  60  5:09  Dark Templar  
  60  5:10  Stalker x2  
  64  5:16  Probe  
  53  5:27  Probe  
  43  5:31  Dark Templar x2  
  36  5:37  Probe (Chrono Boost)  
  36  5:42  Probe (Chrono Boost)  
  34  5:49  Probe (Chrono Boost)  
  35  5:54  Observer  
  35  5:55  Probe x2 (Chrono Boost)  
  35  5:57  Pylon  
  37  6:03  Probe x2  
  39  6:09  Pylon  
  39  6:15  Probe (Chrono Boost)  
  39  6:19  Probe (Chrono Boost)  
  40  6:27  Probe (Chrono Boost)  
  40  6:30  Probe (Chrono Boost)  
  40  6:31  Probe (Chrono Boost)  
  41  6:39  Probe  
  43  6:42  Probe, Archon  
  43  6:45  Dark Templar x2  
  48  6:48  Probe  
  48  6:51  Probe, Archon  
  48  6:54  Probe  
  51  6:57  Robotics Bay  
  51  6:58  Forge  
  51  7:00  Probe  
  51  7:01  Observer  
  53  7:03  Probe  
  53  7:06  Probe  
  55  7:12  Probe  
  56  7:16  Stalker, Shield Battery  
  55  7:22  Stalker x2  
  58  7:41  Probe, Colossus (Chrono Boost)  
  58  7:42  Probe  
  58  7:43  Probe  
  67  7:53  Probe  
  67  7:54  Extended Thermal Lance (Chrono Boost), Protoss Ground Weapons Level 1  
  67  7:55  Probe x2  
  70  8:04  Pylon  
  70  8:05  Probe  
  71  8:07  Probe x2  
  71  8:11  Blink (Chrono Boost)  
  73  8:17  Probe  
  73  8:19  Probe  
  75  8:20  Probe  
  75  8:21  Sentry  
  75  8:22  Zealot x2  
  75  8:24  Colossus  
  82  8:29  Probe  
  82  8:31  Shield Battery  
  83  8:39  Probe x2  
  91  8:41  Probe  
  91  8:43  Pylon  
  90  8:51  Zealot x3  
  96  9:01  Gateway  
  94  9:06  Gateway  
  94  9:08  Gateway  
  94  9:16  Pylon  
  94  9:17  Pylon  
  94  9:18  Stalker x2  
  94  9:19  Stalker  
  94  9:24  Colossus  
  106  9:44  Stalker x3  
  108  9:56  Charge (Chrono Boost)  
  108  9:57  Dark Templar  
  108  10:14  Zealot x5  
  118  10:21  Nexus  
  112  10:33  Colossus (Chrono Boost)  
  86  10:42  Stalker x5  
  98  10:53  Probe x2  
  98  10:54  Pylon  
  100  11:06  Gateway, Dark Templar  
  100  11:10  Gateway  
  102  11:12  Gateway  
  102  11:13  Dark Templar  
  102  11:17  Dark Templar  
  102  11:18  Sentry  
  108  11:22  Zealot  
  110  11:32  Colossus (Chrono Boost)  
  116  11:44  Dark Templar  
  118  11:47  Dark Templar  
  118  11:52  Archon  
  120  11:54  Zealot  
  120  12:00  Zealot x3  
  126  12:07  Dark Templar  
  126  12:10  Zealot  
  122  12:21  Zealot x5  
  90  12:23  Stalker  

Tags
 
Add a new tag
Caveats
  • Supply blocks, unpowered buildings, or Contaminate may cause inaccurate times.
  • Supply counts are checked every 10 seconds.